 Dungeon Crawl Stone Soup version 0.29-a0-830-gcb1280458a (webtiles) character file.

Game seed: 4424771956561629475

58 LynnLen the Sneak (level 3, -2/20 HPs)
             Began as a Vampire Enchanter on July 11, 2022.
             Slain by Sigmund
             ... wielding a +0 scythe
              (4 damage)
             ... on level 2 of the Dungeon.
             The game lasted 00:04:35 (1763 turns).

LynnLen the Sneak (Vampire Enchanter)               Turns: 1763, Time: 00:04:35

Health: -2/20      AC:  5    Str:  7    XL:     3   Next: 75%
Magic:  6/6        EV: 12    Int: 17    God:
Gold:   19         SH:  0    Dex: 16    Spells: 0/6 levels left

rFire   . . .      SeeInvis +   a - +1 dagger
rCold   + + .      Faith    .   (no shield)
rNeg    + + +      Spirit   .   b - +0 robe
rPois   ∞          Reflect  .   (no helmet)
rElec   .          Harm     .   (no cloak)
rCorr   .          Rampage  .   (no gloves)
Will    .....                   e - +2 pair of boots
Stlth   +++.......              (no amulet)
HPRegen 0.00/turn               (no ring)
MPRegen 0.10/turn               (no ring)

@: confused, bloodless, inhibited regen
A: bloodless, fangs 3, see invisible, vampiric 2
a: Bat Form, Revivify


You were on level 2 of the Dungeon.
You visited 1 branch of the dungeon, and saw 2 of its levels.

You collected 19 gold pieces.

Inventory:

Hand Weapons
 a - a +1 dagger (weapon)
Missiles
 g - 11 stones
 i - 2 javelins
 l - 6 poisoned darts
Armour
 b - a +0 robe (worn)
 e - a +2 pair of boots (worn)
Wands
 j - a wand of iceblast (7) (quivered)
Scrolls
 k - a scroll of fog {unknown}
Potions
 c - a potion of invisibility
 d - a potion of degeneration {unknown}
 f - 2 potions of lignification
 h - 2 potions of brilliance {unknown}
 m - 2 potions of berserk rage {unknown}


   Skills:
 * Level 1.1 Fighting
 * Level 2.4 Short Blades
 + Level 2.3 Dodging
 + Level 5.8 Stealth
 - Level 2.0 Spellcasting
 - Level 4.4 Hexes


You couldn't memorise any spells.
You knew the following spells:

 Your Spells              Type           Power      Damage    Failure   Level
a - Confusing Touch       Hex            16%        N/A       10%         3
b - Tukima's Dance        Hex            16%        N/A       10%         3

Your spell library contained the following spells:

 Spells                   Type           Power      Damage    Failure   Level
 Ensorcelled Hibernation  Hex/Ice        18%        N/A       12%         2
 Foxfire                  Conj/Fire      4%         2x1d4     19%         1
 Summon Small Mammal      Summ           4%         N/A       19%         1
 Dazzling Flash           Conj/Hex       18%        N/A       24%         3
 Inner Flame              Hex/Fire       9%         N/A       24%         3
 Summon Guardian Golem    Hex/Summ       9%         N/A       24%         3
 Call Canine Familiar     Summ           1%         N/A       50%         3
 Conjure Flame            Conj/Fire      1%         6-21      50%         3
 Flame Wave               Conj/Fire      1%         2d4       88%         4
 Blade Hands              Tmut           0%         N/A       99%         5
 Irradiate                Conj/Tmut      0%         3d11      99%         5
 Dragon Form              Tmut           0%         N/A       100%        7


Dungeon Overview and Level Annotations

Branches:
Dungeon (2/15)

Altars:

Annotations:
D:2 Sigmund


Innate Abilities, Weirdness & Mutations

You do not regenerate when monsters are visible.
You are frail without blood (-20% HP).
You can heal yourself when you bite living creatures.
You are immune to poison.
You have razor-sharp teeth.
You have supernaturally acute eyesight. (SInv)
You are afflicted with vampirism and can become a bat while bloodless.


Message History

You can't go up here!
You climb downwards.
Level annotation: Sigmund Sigmund points at you and mumbles some strange words.
You are confused.
There is a stone staircase leading up here.
You're too confused to cast spells.
Sigmund says, "You will soon forget everything."
Sigmund casts a spell at you.
You are more confused.
Sigmund points at you and mumbles some strange words.
You resist with some effort.
You bump into the rock wall.
Sigmund misses you.
You're too confused to cast spells.
You bump into the rock wall.
Sigmund casts a spell.
Sigmund flickers and vanishes for a moment.
You bump into the rock wall.
Sigmund hits you from afar with a +0 scythe!
Ouch! That really hurt!
Okay, then.
You're too confused to cast spells.
You're too confused to cast spells.
Sigmund gestures at you while chanting.
You are more confused.
You bump into the rock wall.
You bump into the rock wall.
Sigmund points at you and mumbles some strange words.
The magic dart hits you!
* * * LOW HITPOINT WARNING * * *
You bump into the rock wall.
Sigmund gestures at you while chanting. You resist with some effort.
Unknown command.
You see here a rat skeleton.
You bump into the rock wall.
Sigmund screams, "You will never...
NEVER!!!"
It was a potion of lignification.
You feel woody for a moment.
Sigmund hits you from afar with a +0 scythe.
You die...

#...#.# #
#.######.####### #
#.............# #.
####..<..[...#
####.########.......).#
..........@...........##
....#.@#####...........
####.#..÷)............#†
.......@...##.........#.
####.#..##.##.÷.......#.
#.##.##.##........... .
#.##.##.........#. #
#.##.###.##.###...
#.##.# #.##.# ##.#
#.##.# #.##.####.# #.#
#.##....... #.#######.#


You could see Sigmund (invisible).

Vanquished Creatures
  Jessica (D:2)
  5 bats
  3 endoplasms
  2 giant cockroaches
  3 goblins
  2 hobgoblins
  3 jackals (D:1)
  2 quokkas (D:1)
  3 ball pythons (D:1)
  A frilled lizard (D:2)
  4 rats
29 creatures vanquished.

Notes
Turn   | Place    | Note
-------+----------+-------------------------------------------
     0 | D:1      | LynnLen the Vampire Enchanter began the quest for the Orb.
     0 | D:1      | Reached XP level 1. HP: 13/13 MP: 3/3
   465 | D:1      | Reached XP level 2. HP: 16/16 MP: 5/5
   469 | D:1      | Reached skill level 5 in Stealth
   566 | D:1      | Found a faded altar of an unknown god.
  1346 | D:2      | Noticed Jessica
  1361 | D:2      | Killed Jessica
  1362 | D:2      | Reached skill level 1 in Fighting
  1362 | D:2      | Gained mutation: You are afflicted with vampirism and can
                  | become a bat while bloodless. [Vampire growth]
  1362 | D:2      | Reached XP level 3. HP: 19/20 MP: 6/6
  1504 | D:2      | Noticed Sigmund
  1740 | D:1      | Learned a level 3 spell: Confusing Touch
  1744 | D:1      | Learned a level 3 spell: Tukima's Dance
  1763 | D:2      | Slain by Sigmund

Illustrated notes

Levels and vault maps discovered:
D:1:      evilmike_arrival_hilbert_curve, layout_basic,
          hellmonk_ecumenical_altar_zigzags
D:2:      layout_loops_ring, uniq_sigmund, uniq_jessica

Skill      XL: |  1  2 |
---------------+-------+-----
Stealth        | 5 |  5.8
Short Blades   | 2 |  2.4
Fighting       | 1 |  1.1
Dodging        | |  2.3
Spellcasting   | |  2.0
Hexes          | |  4.4

Action                   || total
-------------------------++-------
Melee: Dagger            ||    66
       Bite              ||     9
 Abil: Exsanguinate      ||     1
  Use: Scroll            ||     1
       Potion            ||     2
 Stab: Sleeping          ||    16
Armor: Robe              ||    21
Dodge: Dodged            ||    31

Table legend: (Time is in decaauts)
 A = Elapsed time spent in this place.
 B = Non-inter-level travel time spent in this place.
 C = Inter-level travel time spent in this place.
 D = Time resting spent in this place.
 E = Time spent auto-exploring this place.
 F = Levels seen in this place.
 G = Mean time per level.
                   A        B        C        D        E       F      G
               +--------+--------+--------+--------+--------+-----+--------+
         Total |   1759 |   1759 |      0 |    213 |   1075 |   2 |  879.5 |
       Dungeon |   1759 |   1759 |      0 |    213 |   1075 |   2 |  879.5 |
               +--------+--------+--------+--------+--------+-----+--------+

Top non-repeatable levels by time:
     D:1: 1515 daAuts
     D:2: 243 daAuts
